 Dungeon Crawl Stone Soup version 0.21-a0-351-g38363bb (webtiles) character file.

46 Dfrag the Firebug (level 3, 0/24 HPs)
             Began as a Demonspawn Fire Elementalist on Oct 10, 2017.
             Succumbed to an adder's poison
             ... on level 2 of the Dungeon.
             The game lasted 00:01:34 (913 turns).

Dfrag the Firebug (Demonspawn Fire Elementalist)     Turns: 913, Time: 00:01:35

Health: 0/24       AC:  3    Str:  6 (8)  XL:     3   Next: 46%
Magic:  0/6        EV: 12    Int: 14 (17) God:
Gold:   70         SH:  0    Dex: 10 (13) Spells: 6/7 levels left

rFire    + . .     SeeInvis .   (no weapon)
rCold    + . .     Gourm    .   (no shield)
rNeg     . . .     Faith    .   a - +0 robe
rPois    +         Spirit   .   (no helmet)
rElec    +         Reflect  .   (no cloak)
rCorr    +         Harm     .   (no gloves)
MR       .....                  (no boots)
Stlth    +.........             (no amulet)
HPRegen  0.08/turn              (no ring)
MPRegen  0.10/turn              (no ring)

@: lethally poisoned (0 -> -5), resistant, hasted, very quick
A: hooves 1, rugged brown scales 1
a: no special abilities


You were on level 2 of the Dungeon.
You were not hungry.

You visited 1 branch of the dungeon, and saw 2 of its levels.

You collected 70 gold pieces.

Inventory:

Armour
 a - a +0 robe (worn)
Scrolls
 e - a scroll of magic mapping {unknown}
 f - 3 scrolls of fog {unknown}
 g - a scroll of enchant armour {unknown}
 i - a scroll of remove curse {unknown}
 k - 3 scrolls of teleportation {unknown}
 o - a scroll of immolation {unknown}
Potions
 n - a potion of resistance
Books
 b - a book of Flames

   Spells                             Type                      Level
   a - Flame Tongue                   Conjuration/Fire             1
   b - Throw Flame                    Conjuration/Fire             2
   c - Conjure Flame                  Conjuration/Fire             3
   d - Inner Flame                    Hexes/Fire                   3
   e - Sticky Flame                   Conjuration/Fire             4
   f - Fireball                       Conjuration/Fire             5
Comestibles
 c - 2 bread rations
 d - 2 royal jellies
 h - a meat ration
 j - 3 chunks of flesh


   Skills:
 - Level 1.7 Dodging
 - Level 1.7 Stealth
 + Level 2.6 Spellcasting
 + Level 2.0 Conjurations
 + Level 3.2 Fire Magic


You had 6 spell levels left.
You knew the following spells:

 Your Spells              Type           Power        Failure   Level  Hunger
a - Flame Tongue          Conj/Fire      #....        8%          1    #......


Dungeon Overview and Level Annotations

Branches:
Dungeon (2/15)

Altars:


Innate Abilities, Weirdness & Mutations

You have large cloven feet.
You are partially covered in rugged brown scales. (AC +1, +3% HP)


Message History

The adder misses you.
It was a potion of resistance.
You feel protected.
* * * LOW HITPOINT WARNING * * *
You feel sick. The adder closely misses you.
Casting: Flame Tongue
Confirm with . or Enter, or press ? or * to list all spells.
You don't have enough magic to cast that spell.
You see here 23 arrows.
You closely miss the adder.
The adder is almost dead.
Casting: Flame Tongue
Confirm with . or Enter, or press ? or * to list all spells.
Aiming: Flame Tongue
Press: ? - help, Shift-Dir - straight line, f/p - adder
Aim: an adder (almost dead)
The flame tongue hits the adder.
You kill the adder!
Your Conjurations skill increases to level 2!
You die...

+........'..........(
#........#..###..#.#.
#........#..# #<.#.#.
#........#.># ##.#.##
#........##.# #.#.#
#........##.# ###..
#........##.#
#........+..#
#..(@....# ##########


There were no monsters in sight!

Vanquished Creatures
  2 adders (D:2)
  2 dart slugs (D:1)
  3 bats (D:1)
  A giant cockroach (D:2)
  4 goblins
  2 hobgoblins
  2 frilled lizards (D:2)
  5 kobolds (D:1)
  6 rats
27 creatures vanquished.

Notes
Turn   | Place    | Note
-------+----------+-------------------------------------------
     0 | D:1      | Dfrag the Demonspawn Fire Elementalist began the quest for the Orb.
     0 | D:1      | Reached XP level 1. HP: 13/13 MP: 3/3
   285 | D:1      | Gained mutation: You have large cloven feet. [demonic ancestry]
   285 | D:1      | Reached XP level 2. HP: 12/19 MP: 0/5
   445 | D:1      | Reached skill level 3 in Fire Magic
   823 | D:2      | Gained mutation: You are partially covered in rugged brown scales. (AC +1, +3% HP) [demonic ancestry]
   823 | D:2      | Reached XP level 3. HP: 13/24 MP: 1/6
   909 | D:2      | HP: 1/24 [poisoned by an adder]
   913 | D:2      | Succumbed to an adder's poison

Vault maps used:
D:1:      sevenhm_arrival_forest_fort_large_2
D:2:      minmay_misc_feat_doors

Skill      XL: |  1  2  3 |
---------------+----------+-----
Fire Magic     | 3 |  3.2
Conjurations   | 2 |  2.0
Dodging        | |  1.7
Stealth        | |  1.7
Spellcasting   | |  2.6

Action                   || total
-------------------------++-------
Melee: Unarmed           ||    44
       Kick              ||     6
 Cast: Flame Tongue      ||    40
  Use: Potion            ||     3
Armor: Robe              ||    15
Dodge: Dodged            ||    49

Table legend:
 A = Spawn XP
 B = Non-spawn XP
 C = Spawn XP percentage of total XP
 D = Spawn monster count
 E = Non-spawn monster count
 F = Spawn count percentage of total count
 G = Total turns spent on level
                    A         B        C        D         E        F      G
               +---------+---------+-------+---------+---------+-------+---------
         Total |       0 |      67 |   0.0 |       0 |      27 |   0.0 |   913
               +---------+---------+-------+---------+---------+-------+---------
           D:1 |       0 |      28 |   0.0 |       0 |      15 |   0.0 |   677
           D:2 |       0 |      39 |   0.0 |       0 |      12 |   0.0 |   236
               +---------+---------+-------+---------+---------+-------+---------
